 Dungeon Crawl Stone Soup version 0.27-a0-906-g0a00ce863d (webtiles) character file.

Game seed: 5390432822713136074

11 jestyr24 the Ruffian (level 2, -1/29 HPs)
             Began as a Troll Monk on Apr 8, 2021.
             Succumbed to a kobold's poison
             ... on level 1 of the Dungeon.
             The game lasted 00:00:31 (135 turns).

jestyr24 the Ruffian (Troll Monk)                    Turns: 135, Time: 00:00:31

Health: -1/29      AC:  4    Str: 18    XL:     2   Next: 13%
Magic:  1/1        EV: 10    Int:  6    God:
Gold:   9          SH:  0    Dex: 12    Spells: 1/1 levels left

rFire    . . .     SeeInvis .     - Unarmed
rCold    . . .     Faith    .   (no shield)
rNeg     . . .     Spirit   .   a - +0 robe
rPois    .         Reflect  .   (helmet restricted)
rElec    .         Harm     .   (no cloak)
rCorr    .         Rampage  .   (gloves unavailable)
Will     .....                  (boots unavailable)
Stlth    ++........             (no amulet)
HPRegen  1.09/turn              (no ring)
MPRegen  0.07/turn              (no ring)

@: lethally poisoned (-1 -> -19)
A: large, unfitting armour, claws 3, regeneration 1, shaggy fur 1, tough skin 1
a: no special abilities


You were on level 1 of the Dungeon.
You visited 1 branch of the dungeon, and saw 1 of its levels.

You collected 9 gold pieces.

Inventory:

Armour
 a - a +0 robe (worn)


   Skills:
 + Level 2.5 Fighting
 + Level 2.6 Dodging
 + Level 1.0 Stealth
 + Level 3.2 Unarmed Combat


You had one spell level left.
You didn't know any spells.
Your spell library was empty.

Dungeon Overview and Level Annotations

Branches:
Dungeon (1/15)

Altars:


Innate Abilities, Weirdness & Mutations

You are too large for most types of armour.
You have claws for hands.
Your natural rate of healing is unusually fast.
You are covered in fur. (AC +1)
You have tough skin. (AC +1)


Message History

You have reached level 2!
You scratch the endoplasm.
The endoplasm is almost dead.
The goblin shouts!
You hear a shout!
The endoplasm hits you.
A kobold comes into view.
It is wielding a +1 short sword of venom.
You scratch the endoplasm.
You kill the endoplasm!
The kobold throws a stone.
The stone closely misses you.
A kobold comes into view. It is wielding a +0 whip.
You claw the goblin!
You kill the goblin!
The kobold hits you with a +1 short sword of venom.
You are poisoned.
Things that are here:
a +0 club; a goblin corpse You closely miss the kobold.
You feel sick. The kobold hits you but does no damage.
You are more poisoned.
You barely miss the kobold.
You feel very sick.
The kobold hits you with a +1 short sword of venom.
The kobold hits you with a +0 whip.
You scratch the kobold but do no damage.
You feel sick.
The kobold hits you with a +1 short sword of venom.
You are more poisoned.
The kobold hits you with a +0 whip.
You barely miss the kobold.
* * * LOW HITPOINT WARNING * * *
You feel very sick.
The kobold hits you with a +1 short sword of venom.
* * * LOW HITPOINT WARNING * * *
You are more poisoned.
The kobold closely misses you.
Unknown command.
Unknown command.
You scratch the kobold.
The kobold is moderately wounded.
You die...

#.# #.......#
#.##. [.
#...†...#
#....
#.##.......#
#####
#..#.###'###
#.#.# #.#
#...# #.#
######...# #.#
.........# #.#
.......@.# #.#
......KK..##.#
##........##.#
#...!....#
#.........
##........#
#.........
........#..


You could see 2 kobolds.

Vanquished Creatures
  3 endoplasms (D:1)
  2 giant cockroaches (D:1)
  A goblin (D:1)
  A quokka (D:1)
  A bat (D:1)
  A rat (D:1)
9 creatures vanquished.

Notes
Turn   | Place    | Note
-------+----------+-------------------------------------------
     0 | D:1      | jestyr24 the Troll Monk began the quest for the Orb.
     0 | D:1      | Reached XP level 1. HP: 22/22 MP: 0/0
   125 | D:1      | Reached XP level 2. HP: 27/29 MP: 1/1
   135 | D:1      | Succumbed to a kobold's poison

Illustrated notes

Levels and vault maps discovered:
D:1:      lemuel_arrival_behind_the_door_small, layout_basic,
          minmay_worlds_worst_comb

Action                   || total
-------------------------++-------
Melee: Unarmed           ||    20
 Stab: Sleeping          ||     1
Armor: Robe              ||     2
Dodge: Dodged            ||    11

Table legend: (Time is in decaauts)
 A = Elapsed time spent in this place.
 B = Non-inter-level travel time spent in this place.
 C = Inter-level travel time spent in this place.
 D = Time resting spent in this place.
 E = Time spent auto-exploring this place.
 F = Levels seen in this place.
 G = Mean time per level.
                   A        B        C        D        E       F      G
               +--------+--------+--------+--------+--------+-----+--------+
         Total |    134 |    134 |      0 |      0 |     83 |   1 |  134.0 |
       Dungeon |    134 |    134 |      0 |      0 |     83 |   1 |  134.0 |
               +--------+--------+--------+--------+--------+-----+--------+

Top non-repeatable levels by time:
     D:1: 134 daAuts
